 Dungeon Crawl Stone Soup version 0.29-a0-284-gf9362112df (webtiles) character file.

Game seed: 17453787167551700463

21 siradein the Grave Robber (level 2, -2/22 HPs)
             Began as a Ghoul Necromancer on Mar 22, 2022.
             Slain by a kobold
             ... wielding a +1 short sword of speed
              (3 damage)
             ... on level 1 of the Dungeon.
             The game lasted 00:00:53 (530 turns).

siradein the Grave Robber (Ghoul Necromancer)        Turns: 530, Time: 00:00:54

Health: -2/22      AC:  2    Str: 11    XL:     2   Next: 87%
Magic:  3/4        EV: 12    Int: 10    God:
Gold:   0          SH:  0    Dex:  9    Spells: 4/5 levels left

rFire   . . .      SeeInvis .   d - +2 dagger (vamp)
rCold   + . .      Faith    .   (no shield)
rNeg    + + +      Spirit   .   a - +0 robe
rPois   ∞          Reflect  .   (no helmet)
rElec   .          Harm     .   (no cloak)
rCorr   .          Rampage  .   (no gloves)
Will    .....                   (no boots)
Stlth   ++........              (no amulet)
HPRegen 0.00/turn               (no ring)
MPRegen 0.09/turn               (no ring)

@: very slightly contaminated, inhibited regen
A: claws 1, cold resistance 1, negative energy resistance 3, inhibited
regeneration, torment resistance 2
a: no special abilities


You were on level 1 of the Dungeon.
You visited 1 branch of the dungeon, and saw 1 of its levels.

Inventory:

Hand Weapons
 c - a +0 flail
 d - a +2 vampiric dagger (weapon)
Armour
 a - a +0 robe (worn)
Potions
 b - a potion of magic


   Skills:
 + Level 0.9 Fighting
 + Level 0.2 Maces & Flails
 + Level 2.0 Dodging
 - Level 2.1 Stealth
 + Level 2.0 Spellcasting
 * Level 4.3 Necromancy


You had 4 spell levels left.
You knew the following spells:

 Your Spells              Type           Power      Damage    Failure   Level
a - Pain                  Necr           36%        1d5       5%          1

Your spell library contained the following spells:

 Spells                   Type           Power      Damage    Failure   Level
 Animate Skeleton         Necr           18%        N/A       5%          1
 Vampiric Draining        Necr           9%         2d6       16%         3
 Animate Dead             Necr           4%         N/A       45%         4
 Agony                    Necr           9%         N/A       82%         5


Dungeon Overview and Level Annotations

Branches:
Dungeon (1/15)

Altars:


Innate Abilities, Weirdness & Mutations

You thrive by killing the living.
You are immune to poison.
You have sharp fingernails.
Your flesh is cold resistant. (rC+)
You are immune to negative energy. (rN+++)
You do not regenerate when monsters are visible.
You are immune to unholy pain and torment.


Message History

* * * LOW HITPOINT WARNING * * *
The rat attacks as you move away! The rat closely misses you.
The kobold attacks as you move away! The kobold closely misses you.
A jackal comes into view.
There is an open door here.
The rat attacks as you move away! The rat barely misses you.
The kobold attacks as you move away! The kobold barely misses you.
The jackal barks!
You hear a bark!
You hit the rat.
You feel better.
You kill the rat!
You closely miss the kobold.
The kobold is moderately wounded.
The kobold misses you.
You barely miss the kobold.
The kobold is moderately wounded.
The kobold misses you.
The kobold hits you with a +1 short sword of speed.
* * * LOW HITPOINT WARNING * * *
You closely miss the kobold.
A jackal comes into view.
The kobold closely misses you.
The jackal moves out of view.
The jackal barks!
You hit the kobold.
The kobold is severely wounded.
You hear a bark!
A jackal comes into view.
The kobold closely misses you.
The kobold hits you with a +1 short sword of speed.
* * * LOW HITPOINT WARNING * * *
You hear a shout!
Casting: Pain (safe; 5% risk of failure)
Confirm with . or Enter, or press ? or * to list all spells.
Aiming: Pain (safe; 5% risk of failure)
Press: ? - help, Shift-Dir - straight line, f - kobold
Aim: a kobold, wielding a +1 short sword of speed (severely wounded, chance to affect: 76%)
You miscast Pain.
You are very lightly contaminated with residual magic.
Nothing appears to happen.
The kobold hits you with a +1 short sword of speed.
You die...

#.#.......### #.....#
##_#......†#####.....######
#.##.....>.'...+.....'.....
#..........###.#.....######
#######...## #.#.....# ###
#...# #.##..### ...
######## #.###.#####.##
##.....#####.............
#!....hK@................
#......##....####.##..###
#....h..#....# ##.#.##
##.....##....# ##.#.##
#.....##....# #.#.##
#.....##....# ##.#.##
#..h..##....# ####.##
#.....##....# ##.## ######
##.##


You could see 2 jackals and a kobold.

Vanquished Creatures
  A gnoll (D:1)
  2 dart slugs (D:1)
  A goblin (D:1)
  2 ball pythons (D:1)
  A frilled lizard (D:1)
  3 rats (D:1)
10 creatures vanquished.

Notes
Turn   | Place    | Note
-------+----------+-------------------------------------------
     0 | D:1      | siradein the Ghoul Necromancer began the quest for the Orb.
     0 | D:1      | Reached XP level 1. HP: 14/14 MP: 2/2
   139 | D:1      | Reached XP level 2. HP: 22/22 MP: 0/3
   292 | D:1      | Found a faded altar of an unknown god.
   529 | D:1      | HP: 1/22 [kobold/+1 short sword of speed (3)]
   530 | D:1      | Slain by a kobold

Illustrated notes

Levels and vault maps discovered:
D:1:      nagdon_arrival_zigzag_paths, layout_basic,
          ebering_ecumenical_altar_rust

Skill      XL: |  1  2 |
---------------+-------+-----
Dodging        | 2 |  2.0
Spellcasting   | 2 |  2.0
Fighting       | |  0.9
Maces & Flails | |  0.2
Stealth        | |  2.1
Necromancy     | |  4.3

Action                   || total
-------------------------++-------
Melee: Unarmed           ||     8
       Flail             ||    12
       Dagger            ||     9
 Cast: Pain              ||     7
Armor: Robe              ||     3
Dodge: Dodged            ||    27

Table legend: (Time is in decaauts)
 A = Elapsed time spent in this place.
 B = Non-inter-level travel time spent in this place.
 C = Inter-level travel time spent in this place.
 D = Time resting spent in this place.
 E = Time spent auto-exploring this place.
 F = Levels seen in this place.
 G = Mean time per level.
                   A        B        C        D        E       F      G
               +--------+--------+--------+--------+--------+-----+--------+
         Total |    533 |    533 |      0 |      0 |    458 |   1 |  533.0 |
       Dungeon |    533 |    533 |      0 |      0 |    458 |   1 |  533.0 |
               +--------+--------+--------+--------+--------+-----+--------+

Top non-repeatable levels by time:
     D:1: 533 daAuts
